Map: Blackpink LE

Players

Elazer - Winner!

  • Race: Zerg Zerg
  • Spawn Location: 1:00

Neeb

  • Race: Protoss Protoss
  • Spawn Location: 7:00

Event: WCS Leipzig 2018

VOD

Have the link to the VOD?

Description

Time

  • Played on: Jan. 27, 2018, 10:26 a.m.
  • Length: 6:18

All games in this series

Show
View Real Time Build Order
Export as new Build Order

Elazer Zerg - Winner!

Build Orders: Hatch First 

Get SALT Encoding   

  12  0:00  Drone  
  13  0:12  Overlord  
  13  0:17  Drone  
  14  0:30  Drone x2  
  16  0:48  Hatchery  
  15  0:51  Drone  
  15  0:54  Drone  
  17  0:58  Drone  
  18  1:10  Extractor  
  17  1:13  Spawning Pool  
  17  1:16  Drone  
  17  1:19  Drone  
  18  1:29  Drone  
  19  1:38  Drone  
  20  1:49  Overlord  
  20  2:02  Queen x2  
  20  2:03  Zergling x4  
  26  2:09  Metabolic Boost  
  26  2:11  Drone  
  26  2:12  Drone  
  28  2:21  Drone  
  28  2:22  Drone  
  30  2:35  Hatchery  
  30  2:37  Drone  
  30  2:42  Drone  
  31  2:44  Overlord  
  31  2:47  Drone  
  32  2:54  Drone  
  32  2:57  Queen  
  35  3:00  Drone  
  35  3:05  Drone x2  
  37  3:13  Drone x2  
  37  3:14  Drone  
  40  3:20  Overlord  
  40  3:21  Drone  
  41  3:33  Drone x2  
  42  3:37  Queen  
  42  3:39  Drone  
  45  3:43  Drone, Lair  
  45  3:44  Drone x4  
  45  3:48  Overlord  
  50  3:51  Drone x2  
  52  3:56  Drone  
  52  3:57  Drone, Extractor, Roach Warren  
  52  4:01  Overlord  
  52  4:04  Drone  
  52  4:07  Extractor  
  52  4:11  Overlord  
  52  4:12  Drone x2  
  52  4:14  Queen  
  56  4:21  Zergling x2  
  56  4:22  Zergling x6  
  60  4:24  Zergling x4  
  60  4:29  Overlord  
  62  4:32  Overlord  
  62  4:37  Zergling x4  
  64  4:41  Glial Reconstitution  
  64  4:50  Roach x6  
  76  4:57  Roach x3  
  82  5:02  Roach  
  82  5:03  Roach x2  
  88  5:08  Roach x2  
  88  5:11  Overlord  
  93  5:14  Roach x2  
  93  5:18  Roach  
  97  5:22  Overlord  
  95  5:32  Roach x4  
  103  5:41  Roach x4  
  106  5:46  Overlord  
  106  5:49  Drone x2  
  105  5:51  Drone  
  105  5:55  Roach x3  
  111  5:59  Zergling x2  
  111  6:00  Zergling x2  
Show
View Real Time Build Order
Export as new Build Order

Neeb Protoss 

Build Orders: Nexus First, Zealot Archon, Archon Drop, Dark Templar Rush 

Get SALT Encoding   

  12  0:00  Probe  
  13  0:12  Probe  
  14  0:18  Pylon  
  14  0:24  Probe  
  15  0:37  Probe (Chrono Boost)  
  16  0:46  Probe (Chrono Boost)  
  17  0:51  Probe (Chrono Boost)  
  18  1:02  Nexus  
  18  1:12  Gateway  
  18  1:15  Probe  
  19  1:20  Assimilator  
  19  1:27  Probe  
  19  1:31  Assimilator  
  20  1:39  Probe  
  21  1:51  Probe  
  21  1:53  Gateway  
  22  2:03  Probe (Chrono Boost), Cybernetics Core  
  25  2:15  Probe (Chrono Boost)  
  25  2:16  Probe (Chrono Boost)  
  27  2:24  Probe x2 (Chrono Boost)  
  27  2:29  Probe (Chrono Boost)  
  27  2:31  Probe  
  29  2:38  Adept (Chrono Boost)  
  29  2:40  Probe  
  29  2:41  Warp Gate  
  29  2:43  Probe  
  35  2:46  Stalker (Chrono Boost)  
  35  2:48  Twilight Council  
  35  2:53  Probe, Pylon  
  35  2:55  Probe  
  37  3:05  Probe  
  36  3:09  Probe (Chrono Boost)  
  37  3:17  Probe (Chrono Boost)  
  39  3:22  Resonating Glaives (Chrono Boost)  
  39  3:25  Probe (Chrono Boost)  
  39  3:26  Probe (Chrono Boost)  
  40  3:31  Probe (Chrono Boost)  
  40  3:32  Probe, Robotics Facility  
  42  3:38  Gateway  
  42  3:40  Gateway  
  42  3:49  Pylon  
  42  3:51  Assimilator  
  42  3:53  Assimilator  
  42  3:55  Dark Shrine  
  42  3:57  Adept  
  42  4:00  Adept  
  46  4:07  Probe x2  
  48  4:11  Pylon  
  48  4:16  Warp Prism (Chrono Boost)  
  48  4:19  Probe x2  
  52  4:26  Pylon  
  52  4:31  Probe x2  
  52  4:33  Pylon  
  54  4:44  Adept x4  
  62  4:54  Probe  
  62  5:07  Dark Templar x4  
  62  5:11  Archon  
  62  5:12  Pylon, Archon  
  62  5:14  Shield Battery, Pylon  
  70  5:17  Probe x2  
  68  5:32  Probe  
  68  5:34  Adept  
  71  5:37  Cybernetics Core  
  62  5:42  Immortal (Chrono Boost)  
  62  5:47  Probe  
  57  5:53  Probe  
  57  5:59  Probe  
  58  6:05  Probe  
Tags
 
Add a new tag
Caveats
  • Supply blocks, unpowered buildings, or Contaminate may cause inaccurate times.
  • Supply counts are checked every 10 seconds.